 Dungeon Crawl Stone Soup version 0.27-a0-156-gbcd94eb011 (webtiles) character file.

Game seed: 13907271760193780191

250 tabtabtabtab the Shield-Bearer (level 6, -8/47 HPs)
             Began as a Formicid Fighter on Jan 27, 2021.
             Was a Believer of Uskayaw.
             Killed from afar by Pikel (18 damage)
             ... with a bolt of acid
             ... on level 4 of the Dungeon.
             The game lasted 00:03:56 (3060 turns).

tabtabtabtab the Shield-Bearer (Formicid Fighter)   Turns: 3060, Time: 00:03:57

Health: -8/47      AC:  5    Str: 22    XL:     6   Next: 35%
Magic:  8/8        EV:  9    Int:  8    God:    Uskayaw [**....]
Gold:   241        SH: 10    Dex: 10    Spells: 5/5 levels left

rFire    . . .     SeeInvis +   w - +0 battleaxe
rCold    . . .     Faith    .   c - +0 kite shield
rNeg     . . .     Spirit   .   b - +0 scale mail
rPois    .         Reflect  .   (helmet unavailable)
rElec    .         Harm     .   u - +0 cloak (curse)
rCorr    .         Rampage  .   (no gloves)
Will     .....                  e - +0 pair of boots
Stlth    ..........             (no amulet)
HPRegen  0.15/turn              (no ring)
MPRegen  0.11/turn              (no ring)

@: mighty, corroded
A: permanent stasis, dig shafts and tunnels, four strong arms, antennae 3
a: Dig, Shaft Self, Renounce Religion, Stomp, Line Pass


You were on level 4 of the Dungeon.
You worshipped Uskayaw.
Uskayaw was noncommittal.
You visited 1 branch of the dungeon, and saw 4 of its levels.

You collected 241 gold pieces.

Inventory:

Hand Weapons
 a - a +0 war axe
 o - a +2 short sword of flaming
 w - a +0 battleaxe (weapon)
Missiles
 f - 3 silver javelins
 m - 41 arrows
 s - 41 bolts
Armour
 b - a +0 scale mail (worn)
 c - a +0 kite shield (worn)
 e - a +0 pair of boots (worn)
 u - a cursed +0 cloak (worn)
Scrolls
 g - 3 scrolls of remove curse
 h - a scroll of teleportation {unknown}
 l - a scroll of identify {unknown}
 n - a scroll of magic mapping {unknown}
 p - a scroll of immolation {unknown}
 r - 2 scrolls of amnesia {unknown}
 t - 2 scrolls of blinking {unknown}
 v - a scroll of enchant armour {unknown}
Potions
 i - 2 potions of magic {unknown}
 j - a potion of mutation {unknown}
 k - a potion of brilliance {unknown}
 q - a potion of curing {unknown}
 x - a potion of heal wounds {unknown}


   Skills:
 - Level 3.2 Fighting
 * Level 4.2 Axes
 - Level 3.2 Armour
 + Level 2.1 Dodging
 + Level 4.8 Shields
 * Level 2.6 Invocations


You had 5 spell levels left.
You didn't know any spells.
Your spell library was empty.

Dungeon Overview and Level Annotations

Branches:
Dungeon (4/15)
 Temple: D:4-7

Altars:
Ashenzari
Uskayaw

Annotations:
D:4 Pikel


Innate Abilities, Weirdness & Mutations

You cannot be hasted, slowed, berserked, paralysed or teleported.
You can dig through walls and to a lower floor.
Your four strong arms can wield two-handed weapons with a shield.
You have a pair of large antennae on your head. (SInv)


Message History

Pikel is lightly wounded.
Pikel barely misses you.
Pikel hits you with a +0 whip of freezing!
Pikel freezes you.
You hit Pikel but do no damage.
Pikel is lightly wounded.
You block Pikel's attack.
You hit Pikel.
Pikel is lightly wounded.
Pikel zaps a wand.
The bolt of acid hits you!! The acid corrodes you!
You are splashed with acid.
* * * LOW HITPOINT WARNING * * *
Pikel hits you but does no damage.
You hit Pikel.
Pikel is moderately wounded.
Pikel hits you but does no damage. Pikel barely misses you.
You closely miss Pikel.
Pikel is moderately wounded.
Pikel zaps a wand.
The bolt of acid hits you!!
You die...

..# #..### ......
####################..####
......Z5K@.......$........
.......#########..........
....... { { #...##.###.
....... #...##..##'
..5h... { {#...###....
....... #...###....
)..?... { #...'.'....
...!... {#...###.... #...#
#...$


You could see Pikel, a lemure and a bullfrog skeleton.

Vanquished Creatures
  An ogre (D:3)
  3 lemures (D:4)
  A water moccasin skeleton (D:4)
  Natasha (D:4)
  An adder (D:2)
  An adder skeleton (D:4)
  A worm (D:2)
  A dart slug (D:2)
  5 leopard geckos
  8 bats
  4 giant cockroaches
  3 goblins
  6 hobgoblins
  9 jackals
  9 kobolds
  A quokka (D:4)
  A ball python (D:1)
  4 frilled lizards
  9 rats
69 creatures vanquished.

Notes
Turn   | Place    | Note
-------+----------+-------------------------------------------
     0 | D:1      | tabtabtabtab the Formicid Fighter began the quest for the
                  | Orb.
     0 | D:1      | Reached XP level 1. HP: 18/18 MP: 1/1
    83 | D:1      | Reached XP level 2. HP: 22/24 MP: 2/2
   463 | D:1      | Reached XP level 3. HP: 29/29 MP: 3/3
   599 | D:1      | Reached skill level 1 in Dodging
  1194 | D:2      | Reached XP level 4. HP: 32/35 MP: 4/4
  1713 | D:3      | Found a broken altar of Ashenzari.
  1716 | D:3      | Found a hide-covered altar of Uskayaw.
  1751 | D:3      | Became a worshipper of Uskayaw the Reveller
  1821 | D:3      | Reached * piety under Uskayaw
  1924 | D:3      | Noticed an ogre
  1930 | D:3      | Reached ** piety under Uskayaw
  1932 | D:3      | Killed an ogre
  1933 | D:3      | Reached skill level 1 in Invocations
  1933 | D:3      | Reached XP level 5. HP: 30/41 MP: 4/6
  2533 | D:4      | Noticed a lemure
  2546 | D:4      | Killed a lemure
  2601 | D:4      | Noticed a lemure
  2613 | D:4      | Killed a lemure
  2613 | D:4      | Noticed a lemure
  2636 | D:4      | Killed a lemure
  2701 | D:4      | Reached XP level 6. HP: 6/47 MP: 7/7
  3035 | D:4      | Noticed Natasha
  3035 | D:4      | Noticed Pikel
  3050 | D:4      | Killed Natasha
  3060 | D:4      | Killed from afar by Pikel

Illustrated notes

Levels and vault maps discovered:
D:1:      lightli_arrival_farm, layout_basic
D:2:      layout_rooms, nicolae_overflow_hidden_temple
D:3:      layout_loops_ring, grunt_temple_overflow_open
D:4:      layout_basic, chequers_temple_overflow_statue_of_worship,
          minmay_temple_entry_slanted, nicolae_ossuary_entry_catacombs,
          uniq_natasha, uniq_pikel

Skill      XL: |  1  2  3  4  5 |
---------------+----------------+-----
Shields        | 4 |  4.8
Dodging        | 1 2 |  2.1
Axes           | 3 4 |  4.2
Invocations    | 1 2 |  2.6
Fighting       | |  3.2
Armour         | |  3.2

Action                   |  1- 3 |  4- 6 || total
-------------------------+-------+-------++-------
Melee: War axe           |    97 |    28 ||   125
       Battleaxe         |       |   124 ||   124
  Use: Scroll            |     1 |       ||     1
       Potion            |       |     1 ||     1
Armor: Scale mail        |    51 |    64 ||   115
Dodge: Dodged            |    41 |    58 ||    99
Block: Kite shield       |    49 |    93 ||   142

Table legend: (Time is in decaauts)
 A = Elapsed time spent in this place.
 B = Non-inter-level travel time spent in this place.
 C = Inter-level travel time spent in this place.
 D = Time resting spent in this place.
 E = Time spent auto-exploring this place.
 F = Levels seen in this place.
 G = Mean time per level.
                   A        B        C        D        E       F      G
               +--------+--------+--------+--------+--------+-----+--------+
         Total |   3226 |   3121 |    105 |    183 |   2251 |   4 |  806.5 |
       Dungeon |   3226 |   3121 |    105 |    183 |   2251 |   4 |  806.5 |
               +--------+--------+--------+--------+--------+-----+--------+

Top non-repeatable levels by time:
     D:1: 1050 daAuts
     D:3: 768 daAuts
     D:2: 711 daAuts
     D:4: 696 daAuts
